 Dungeon Crawl Stone Soup version 0.25-a0-528-g6b7c99946c (webtiles) character file.

Game seed: 11766888554739372114, levelgen mode: deterministic

72763 kae the Fencer (level 15, -4/138 HPs)
             Began as a Minotaur Fighter on Feb 19, 2020.
             Was the Champion of Makhleb.
             Slain by an emperor scorpion (10 damage)
             ... on level 15 of the Dungeon.
             The game lasted 00:19:19 (19528 turns).

kae the Fencer (Minotaur Fighter)                  Turns: 19528, Time: 00:19:19

Health: -4/138     AC: 18    Str: 36    XL:     15   Next: 2%
Magic:  23/23      EV: 13    Int:  6    God:    Makhleb [******]
Gold:   1416       SH:  0    Dex:  9    Spells: 14/14 levels left

rFire    + . .     SeeInvis .   a - +0 great sword (elec)
rCold    . . .     Gourm    .   (shield currently unavailable)
rNeg     . . .     Faith    .   J - +0 plate armour
rPois    .         Spirit   .   (helmet restricted)
rElec    .         Reflect  .   (no cloak)
rCorr    .         Harm     .   A - +2 pair of gloves
MR       ++...                  (no boots)
Stlth    ..........             S - amulet of magic regeneration
HPRegen  0.33/turn              i - +4 ring of strength
MPRegen  0.43/turn              s - ring of protection from fire

@: mighty
A: retaliatory headbutt, horns 2, talons 1, magic resistance 1
a: Minor Destruction, Lesser Servant of Makhleb, Major Destruction, Greater
Servant of Makhleb, Renounce Religion


You were on level 15 of the Dungeon.
You worshipped Makhleb.
Makhleb was exalted by your worship.
You were near starving.

You visited 2 branches of the dungeon, and saw 21 of its levels.
You also visited: Sewer.

You collected 1416 gold pieces.

Inventory:

Hand Weapons
 a - a +0 great sword of electrocution (weapon)
 b - a +7 scimitar of flaming
 B - a +0 long sword of draining
Armour
 A - a +2 pair of gloves (worn)
 J - a +0 plate armour (worn)
Jewellery
 i - a +4 ring of strength (left hand)
 j - an uncursed amulet of rage
 r - an uncursed ring of wizardry
 s - a ring of protection from fire (right hand)
 H - an uncursed amulet of guardian spirit
 P - an uncursed ring of positive energy
 Q - a +2 amulet of reflection
 R - an uncursed ring of poison resistance
 S - an amulet of magic regeneration (around neck)
 U - an uncursed ring of resist corrosion
Wands
 w - a wand of acid (29)
 C - a wand of enslavement (7)
 D - a wand of digging (10)
 G - a wand of random effects (47)
 L - a wand of clouds (6)
 M - a wand of flame (18)
 N - a wand of paralysis (5)
 T - a wand of polymorph (5)
 V - a wand of iceblast (4)
Scrolls
 c - a scroll of torment
 g - 3 scrolls of magic mapping
 n - 8 scrolls of teleportation
 u - 10 scrolls of remove curse
 v - 2 scrolls of fear
 x - 3 scrolls of fog
 y - 3 scrolls of blinking
 F - 4 scrolls of identify
 I - 2 scrolls of silence
 K - a scroll of enchant armour
 O - 4 scrolls of amnesia
Potions
 e - 7 potions of curing
 h - 2 potions of resistance
 k - 7 potions of lignification
 l - 2 potions of flight
 m - 2 potions of mutation
 o - 3 potions of haste
 p - 3 potions of stabbing
 q - 7 potions of heal wounds
 t - a potion of ambrosia
 z - 3 potions of cancellation
Comestibles
 f - 46 rations


   Skills:
 - Level 14.0 Fighting
 + Level 15.5 Long Blades
 - Level 11.0 Armour
 - Level 10.0 Dodging
   Level 3.6 Shields
 - Level 12.0 Invocations
 - Level 10.0 Evocations


You had 14 spell levels left.
You didn't know any spells.
Your spell library contained the following spells:

 Spells                   Type           Power        Failure   Level  Hunger
 Animate Skeleton         Necr           N/A          94%         1    ##.....
 Apportation              Tloc           #.....       94%         1    ##.....
 Beastly Appendage        Tmut           #.....       94%         1    ##.....
 Corona                   Hex            #......      94%         1    ##.....
 Freeze                   Ice            #...         94%         1    ##.....
 Infusion                 Chrm           #...         94%         1    ##.....
 Magic Dart               Conj           #...         94%         1    ##.....
 Summon Small Mammal      Summ           #...         94%         1    ##.....
 Blink                    Tloc           N/A          98%         2    ###....
 Call Imp                 Summ           #.......     98%         2    ###....
 Shroud of Golubria       Chrm/Tloc      #.....       98%         2    ###....
 Slow                     Hex            #.......     98%         2    ###....
 Song of Slaying          Chrm           #.......     98%         2    ###....
 Sticks to Snakes         Tmut           #.......     98%         2    ###....
 Confusing Touch          Hex            #.......     100%        3    ####...
 Conjure Flame            Conj/Fire      #.......     100%        3    ####...
 Frozen Ramparts          Ice            #.....       100%        3    ####...
 Gell's Gravitas          Tloc           #.........   100%        3    ####...
 Mephitic Cloud           Conj/Pois/Air  #.......     100%        3    ####...
 Ozocubu's Armour         Chrm/Ice       #.......     100%        3    ####...
 Spectral Weapon          Hex/Chrm       #.......     100%        3    ####...
 Spider Form              Tmut/Pois      #.........   100%        3    ####...
 Hailstorm                Conj/Ice       #.......     100%        4    #####..
 Ice Form                 Ice/Tmut       #.......     100%        4    #####..
 Petrify                  Tmut/Erth      #.......     100%        4    #####..
 Summon Ice Beast         Ice/Summ       #.......     100%        4    #####..
 Blade Hands              Tmut           #.........   100%        5    ######.
 Metabolic Englaciation   Hex/Ice        #.........   100%        5    ######.
 Yara's Violent Unravell  Hex/Tmut       #.........   100%        5    ######.


Dungeon Overview and Level Annotations

Branches:
Dungeon (15/15)            Temple (0/1) D:5            Lair (6/6) D:8
 Shoals (0/4) Lair:3        Snake (0/4) Lair:2        Slime (0/5) Lair:5
    Orc (0/2) D:10         Vaults (0/5) D:13          Sewer (visited)
 Depths: D:15

Altars:
Hepliaklqana
Makhleb
Nemelex Xobeh
Ru
Sif Muna
Trog
Vehumet
Wu Jian
Yredelemnul
Zin
The Shining One
Jiyva

Shops:
D:5 }:   D:13 %

Portals:
Hell: Lair:6

Annotations:
D:6 2 transporters, exclusion: statue


Innate Abilities, Weirdness & Mutations

You reflexively headbutt those who attack you in melee.
You have a pair of horns on your head.
You have sharp toenails.
You are resistant to hostile enchantments. (MR+)


Message History

You headbutt the emperor scorpion!
The emperor scorpion barely misses you. x2
You hit the emperor scorpion but do no damage.
You claw the emperor scorpion.
Your headbutt misses the emperor scorpion.
The emperor scorpion is lightly wounded.
You closely miss the emperor scorpion. You claw the emperor scorpion.
You headbutt the emperor scorpion.
The emperor scorpion is lightly wounded.
The emperor scorpion misses you. You furiously retaliate!
You headbutt the emperor scorpion, but do no damage.
The emperor scorpion claws you.
* * * LOW HITPOINT WARNING * * *
The emperor scorpion claws you!
* * * LOW HITPOINT WARNING * * *
You closely miss the emperor scorpion. Your kick misses the emperor scorpion.
The emperor scorpion is lightly wounded.
The emperor scorpion stings you!!
* * * LOW HITPOINT WARNING * * *
The emperor scorpion claws you!
You die...

.........#....# ##
.........#....##..
.........#........
.........#.......
........##....#
#...))##....#
#...)((((...######
#.....##....##(..##
########.)..s@)...#
#......)(.$# ..
#.......(..# ...
#......(...# ....
#..........#
....##..........#...
................#♣.♣
..........##....#...
..........##....#8.♣


You could see an emperor scorpion.

Vanquished Creatures
  Jorgrun (D:13)
  8 hydras
  4 vault guards (D:13)
  Erica (D:8)
  2 catoblepae
  4 centaur warriors
  5 two-headed ogres
  An alligator (Lair:6)
  7 death yaks
  Urug (Lair:4)
  A sun demon (Lair:6)
  3 skeletal warriors (D:12)
  An unseen horror (D:11)
  A wizard (Lair:6)
  An unseen horror (shapeshifter) (D:13)
  10 ugly things (D:14)
  2 deep elf magi
  A cyclops (D:13)
  4 elephants (Lair:5)
  2 black mambas (Lair:6)
  3 centaur zombies
  A merfolk siren (Lair:3)
  2 orange demons (Lair:6)
  A gargoyle (D:13)
  A storm dragon simulacrum (D:15)
  Psyche (D:9)
  12 spiny frogs
  9 rime drakes
  5 komodo dragons
  An ice devil (Lair:6)
  A hellwing (Lair:6)
  3 red devils (Lair:6)
  3 trolls
  A polar bear (Lair:6)
  3 meliai (D:15)
  3 hornets
  14 blink frogs
  Prince Ribbit (Lair:2)
  17 hippogriffs
  10 dream sheep
  2 shadows
  3 wraiths
  7 humans (D:13)
  A wyvern (Lair:6)
  18 yaks
  A hungry ghost (D:11)
  2 nagas (Lair:2)
  An acid dragon (D:12)
  14 water moccasins
  3 hell hounds (Lair:6)
  9 porcupines
  11 orc warriors
  3 ice beasts
  An eye of draining (D:15)
  5 black bears
  A necrophage (D:7)
  A sky beast (D:9)
  8 ogres
  A phantom (D:4)
  15 centaurs
  11 crocodiles
  2 big kobolds
  A wyvern zombie (D:7)
  14 bullfrogs
  2 gnoll sergeants
  A water moccasin zombie (D:8)
  3 scorpions
  A water moccasin skeleton (D:6)
  18 killer bees
  5 wights (D:9)
  2 howler monkeys (D:4)
  10 crimson imps
  A jelly (D:10)
  A quasit (D:11)
  A bullfrog zombie (D:5)
  4 bullfrog skeletons
  3 hounds
  A gnoll shaman (D:9)
  4 centaur skeletons
  10 orc priests
  Jessica (D:2)
  6 iguanas
  10 orc wizards
  10 worker ants
  A killer bee zombie (D:7)
  2 hound zombies
  A hound skeleton (D:7)
  A worker ant zombie (D:10)
  15 gnolls
  16 adders
  3 river rats
  3 shadow imps
  An adder skeleton (D:7)
  4 dart slugs
  8 worms
  5 leopard geckos
  45 orcs
  5 bats
  6 giant cockroaches
  12 goblins
  8 hobgoblins
  7 jackals
  9 quokkas
  5 ball pythons
  3 frilled lizards
  A jackal skeleton (D:7)
  A jackal zombie (D:6)
  10 kobolds
  A leopard gecko skeleton (D:4)
  2 leopard gecko zombies
  A quokka skeleton (D:8)
  10 rats
  A fungus (Lair:6)
  2 plants
570 creatures vanquished.

Vanquished Creatures (others)
  A human (D:13)
  2 fungi (Lair:6)
  2 plants (Lair:6)
5 creatures vanquished.

Grand Total: 575 creatures vanquished

Notes
Turn   | Place    | Note
-------+----------+-------------------------------------------
     0 | D:1      | kae the Minotaur Fighter began the quest for the Orb.
     0 | D:1      | Reached XP level 1. HP: 19/19 MP: 0/0
    48 | D:1      | Reached skill level 3 in Long Blades
    49 | D:1      | Reached XP level 2. HP: 15/27 MP: 1/1
   357 | D:1      | Reached XP level 3. HP: 24/33 MP: 2/2
   573 | D:1      | Reached skill level 4 in Long Blades
   890 | D:2      | Found a sacrificial altar of Ru.
   947 | D:2      | Reached XP level 4. HP: 41/41 MP: 3/3
   951 | D:2      | Noticed Jessica
   960 | D:2      | Killed Jessica
   973 | D:2      | Reached skill level 5 in Long Blades
  1356 | D:2      | Reached skill level 5 in Fighting
  1356 | D:2      | Reached XP level 5. HP: 42/48 MP: 4/4
  1695 | D:3      | Found a burning altar of Makhleb.
  1702 | D:3      | Became a worshipper of Makhleb the Destroyer
  1751 | D:3      | Found a glowing drain.
  1769 | Sewer    | Entered a sewer
  1777 | Sewer    | Reached skill level 6 in Long Blades
  1854 | Sewer    | Reached skill level 1 in Invocations
  1854 | Sewer    | Reached XP level 6. HP: 27/56 MP: 5/5
  2014 | Sewer    | Found a white marble altar of Elyvilon.
  2158 | D:3      | Found a basalt altar of Yredelemnul.
  2637 | D:4      | Found an ornate altar of the Wu Jian Council.
  2690 | D:4      | Found a bloodstained altar of Trog.
  2723 | D:4      | Reached * piety under Makhleb
  2758 | D:4      | Reached skill level 7 in Long Blades
  2789 | D:4      | Reached XP level 7. HP: 56/63 MP: 7/7
  3020 | D:4      | Found a shimmering blue altar of Sif Muna.
  3107 | D:4      | Found a hazy altar of Hepliaklqana.
  3193 | D:5      | Entered Level 5 of the Dungeon
  3270 | D:5      | Found Kemox's Gadget Shop.
  3271 | D:5      | Found Rughail's Book Emporium.
  3272 | D:5      | You fall into a shaft and drop 1 floor!
  3295 | D:5      | Reached skill level 8 in Long Blades
  3553 | D:5      | Found a staircase to the Ecumenical Temple.
  3789 | D:5      | Reached XP level 8. HP: 54/71 MP: 9/9
  3982 | D:5      | Found a glowing silver altar of Zin.
  4043 | D:5      | Found a sparkling altar of Nemelex Xobeh.
  4120 | D:6      | Reached skill level 9 in Long Blades
  4334 | D:6      | Found a radiant altar of Vehumet.
  4475 | D:6      | Found a transporter.
  4498 | D:6      | Found a transporter.
  4615 | D:6      | Reached skill level 10 in Long Blades
  5182 | D:7      | Reached ** piety under Makhleb
  5301 | D:7      | Reached skill level 5 in Invocations
  5301 | D:7      | Reached XP level 9. HP: 48/81 MP: 11/11
  5313 | D:7      | Gained mutation: You have sharp toenails. [potion of
                  | mutation]
  5313 | D:7      | Gained mutation: You are resistant to hostile enchantments.
                  | (MR+) [potion of mutation]
  5330 | D:7      | Noticed a two-headed ogre
  5353 | D:7      | Killed a two-headed ogre
  5353 | D:7      | Reached skill level 11 in Long Blades
  5612 | D:7      | Reached skill level 12 in Long Blades
  5620 | D:7      | Reached *** piety under Makhleb
  5760 | D:7      | Reached XP level 10. HP: 88/91 MP: 13/13
  6098 | D:8      | Noticed Erica
  6109 | D:8      | Killed Erica
  6327 | D:8      | Found a staircase to the Lair.
  6437 | D:8      | Found a shimmering blue altar of Sif Muna.
  6634 | D:8      | Reached skill level 10 in Fighting
  6752 | D:8      | Reached skill level 13 in Long Blades
  6902 | D:9      | Noticed Psyche
  6904 | D:9      | Paralysed by a hornet for 2 turns
  7021 | D:9      | Killed Psyche
  7512 | D:9      | Found a glowing golden altar of the Shining One.
  7536 | D:9      | Reached **** piety under Makhleb
  7621 | Lair:1   | Entered Level 1 of the Lair of Beasts
  7672 | Lair:1   | Reached skill level 14 in Long Blades
  7720 | Lair:1   | Noticed a spiny frog
  7723 | Lair:1   | Reached XP level 11. HP: 89/101 MP: 16/16
  7883 | Lair:1   | Noticed a seven-headed hydra
  7890 | Lair:1   | Killed a three-headed hydra
  9143 | Lair:2   | Found a staircase to the Snake Pit.
  9288 | Lair:2   | Noticed a six-headed hydra
  9294 | Lair:2   | Killed a three-headed hydra
  9294 | Lair:2   | Reached skill level 10 in Invocations
  9455 | Lair:2   | Noticed Prince Ribbit
  9476 | Lair:2   | Killed Prince Ribbit
 10395 | Lair:3   | Reached XP level 12. HP: 107/115 MP: 14/19
 10553 | Lair:3   | Noticed a death yak
 10553 | Lair:3   | Noticed a death yak
 10553 | Lair:3   | Noticed a death yak
 10554 | Lair:3   | Noticed a death yak
 10555 | Lair:3   | Noticed a death yak
 10555 | Lair:3   | Noticed a death yak
 10562 | Lair:3   | Killed a death yak
 10567 | Lair:3   | Killed a death yak
 10570 | Lair:3   | Killed a death yak
 10572 | Lair:3   | Killed a death yak
 10574 | Lair:3   | Killed a death yak
 10577 | Lair:3   | Killed a death yak
 10762 | Lair:3   | Noticed a seven-headed hydra
 10770 | Lair:3   | Killed a four-headed hydra
 10770 | Lair:3   | Reached skill level 1 in Dodging
 10770 | Lair:3   | Reached skill level 1 in Evocations
 10784 | Lair:3   | Found a staircase to the Shoals.
 11071 | Lair:4   | Noticed a catoblepas
 11088 | Lair:4   | Killed a catoblepas
 11152 | Lair:4   | Reached skill level 5 in Armour
 11229 | Lair:4   | Reached ***** piety under Makhleb
 11245 | Lair:4   | Noticed Urug
 11260 | Lair:4   | Killed Urug
 11781 | Lair:5   | Reached XP level 13. HP: 124/124 MP: 19/21
 12137 | Lair:5   | Reached skill level 5 in Dodging
 12235 | Lair:5   | Found a viscous altar of Jiyva.
 12236 | Lair:5   | Found a staircase to the Slime Pits.
 12621 | Lair:6   | Entered Level 6 of the Lair of Beasts
 12715 | Lair:6   | Reached skill level 5 in Evocations
 13258 | Lair:6   | Found a burning altar of Makhleb.
 13929 | Lair:6   | Found a gateway to Hell.
 14459 | D:10     | Entered Level 10 of the Dungeon
 14758 | D:10     | Found a staircase to the Orcish Mines.
 14782 | D:10     | Reached ****** piety under Makhleb
 15275 | D:11     | Reached skill level 10 in Armour
 15628 | D:11     | Reached XP level 14. HP: 118/132 MP: 15/22
 15849 | D:12     | Paralysed by a hornet for 3 turns
 16491 | D:13     | Noticed Jorgrun
 16502 | D:13     | Killed Jorgrun
 17114 | D:13     | Found a gate to the Vaults.
 17198 | D:13     | Reached skill level 10 in Dodging
 17276 | D:13     | Found Tikhof's Food Boutique.
 18765 | D:14     | Reached skill level 10 in Evocations
 19098 | D:15     | Entered Level 15 of the Dungeon
 19126 | D:15     | Reached skill level 15 in Long Blades
 19451 | D:15     | Noticed an emperor scorpion
 19469 | D:15     | Reached XP level 15. HP: 54/138 MP: 23/23
 19528 | D:15     | HP: 6/138 [emperor scorpion (20)]
 19528 | D:15     | Slain by an emperor scorpion

Levels and vault maps discovered:
D:1:      dpeg_arrival_arbitrary_c, layout_basic, minmay_misc_feat_alley,
          st_stairs_11, grunt_decor_arrowhead, chequers_serial_rivers_micro_c,
          minmay_pentomino_t2
D:2:      layout_basic, nicolae_ru_awakened_eye,
          corexii_item_surrounded_by_moat, uniq_jessica
D:3:      layout_basic, old_standard_altar, nicolae_overflow_crystal_walls,
          cheibrodos_sewer_entry_sluice
D:4:      layout_cave_pools, overflow_temple_1_default,
          nicolae_overflow_hidden_temple, kennysheep_mini,
          trog_three_pillars_becter
D:5:      layout_rooms, zin_scriptorium, lemuel_coloured_pillars_altar,
          minmay_temple_entry_fiery, serial_glass, glass_columns_c,
          glass_columns_c, glass_columns_b, glass_columns_a, glass_columns_b,
          glass_columns_b, glass_columns_c, glass_columns_a, glass_columns_a,
          glass_columns_a, serial_shops, shop, shop, first_ration,
          minmay_misc_feat_chi, st_stairs_12
D:6:      gammafunk_steamed_eel, layout_loops_ring, vehumet_statue
D:7:      minmay_bubble_buster, layout_basic
D:8:      layout_basic, dpeg_oklobed_lair, grunt_ogre_cave,
          minmay_misc_feat_tiny, led_sif_pool, uniq_erica
D:9:      layout_basic, tso_oasis_becter, minmay_holes, uniq_psyche
D:10:     layout_basic, david_orc_2
D:11:     layout_loops_ring
D:12:     layout_irregular_city, hangedman_decor_clover_reticule, kennysheep_nub
D:13:     layout_basic, ximxim_vaults_locker_room, serial_shops, shop,
          uniq_jorgrun
D:14:     layout_basic, roderic_nine_men_s_morris
D:15:     hangedman_depths_entry_try_elsewhere_first, layout_gridville,
          chequers_avenue
Lair:1:   layout_regular_city, grunt_megastairs_2
Lair:2:   layout_gridlike, guppyfry_snake_entry_garden, grunt_megastairs_3,
          uniq_prince_ribbit2
Lair:3:   layout_chaotic_city, minmay_shoals_entry_lonely_mermaid
Lair:4:   layout_misc_corridors, lemuel_fruit_tree, uniq_urug
Lair:5:   layout_small_grid, slime_altar_1, nicolae_lair_yak_garden
Lair:6:   evil_forest, layout_small_grid, chequers_serial_rivers_small_a

Skill      XL: |  1  2  3  4  5  6  7  8  9 10 11 12 13 14 |
---------------+-------------------------------------------+-----
Long Blades    | 3 4 5 6 7 8 10 12 14 15 | 15.5
Fighting       | 4 5 6 8 9 10 13 14 | 14.0
Invocations    | 1 2 3 5 6 8 10 12 | 12.0
Armour         | 6 10 11 | 11.0
Dodging        | 4 8 10 | 10.0
Evocations     | 3 7 10 | 10.0
Shields        | |  3.6

Action                   |  1- 3 |  4- 6 |  7- 9 | 10-12 | 13-15 || total
-------------------------+-------+-------+-------+-------+-------++-------
Melee: Long sword        |    92 |   181 |   270 |    16 |       ||   559
       Headbutt          |    12 |    36 |    64 |    75 |   159 ||   346
       Kick              |       |       |    35 |   132 |   231 ||   398
       Scimitar          |       |       |       |   360 |   526 ||   886
       Great sword       |       |       |       |       |   129 ||   129
Invok: Minor Destruction |       |       |       |    27 |    31 ||    58
Evoke: Wand              |       |       |       |     3 |       ||     3
  Use: Scroll            |       |    11 |     3 |    11 |    15 ||    40
       Potion            |       |       |     8 |     2 |     3 ||    13
 Stab: Invisible         |       |       |     7 |       |       ||     7
       Petrifying        |       |       |       |       |     1 ||     1
       Petrified         |       |       |       |       |     1 ||     1
  Eat: Chunk             |       |     6 |     6 |    13 |    20 ||    45
       Ration            |       |       |     1 |     2 |     1 ||     4
Armor: Scale mail        |    32 |    49 |    81 |    88 |   121 ||   371
       Plate armour      |       |       |       |       |    78 ||    78
Dodge: Dodged            |    33 |    33 |    60 |    75 |   239 ||   440
Block: Kite shield       |    53 |    97 |   135 |   126 |   196 ||   607
       Rpst.: Long sword |     9 |     9 |    16 |     1 |       ||    35
       Scimitar          |       |       |       |    19 |    36 ||    55
       Great sword       |       |       |       |       |    13 ||    13

Table legend:
 A = Non-vault XP
 B = Vault XP
 C = Vault XP percentage of total XP
 D = Non-vault monster count
 E = Vault monster count
 F = Vault count percentage of total count
                 A         B        C        D         E       F
            +---------+---------+-------+---------+---------+-------
      Total |   77305 |   26643 |  25.6 |     474 |      93 |  16.4
            +---------+---------+-------+---------+---------+-------
        D:1 |      44 |      14 |  24.1 |      22 |       7 |  24.1
        D:2 |     133 |      37 |  21.8 |      33 |       1 |   2.9
        D:3 |     117 |      20 |  14.6 |      21 |       3 |  12.5
        D:4 |     358 |       0 |   0.0 |      15 |       0 |   0.0
        D:5 |     615 |      84 |  12.0 |      19 |       2 |   9.5
        D:6 |     842 |       0 |   0.0 |      11 |       0 |   0.0
        D:7 |    2790 |     414 |  12.9 |      45 |       7 |  13.5
        D:8 |     622 |    1071 |  63.3 |      13 |       2 |  13.3
        D:9 |    1532 |     404 |  20.9 |      26 |       1 |   3.7
       D:10 |    4281 |     281 |   6.2 |      37 |       7 |  15.9
       D:11 |    4941 |       0 |   0.0 |      29 |       0 |   0.0
       D:12 |    4080 |       0 |   0.0 |      14 |       0 |   0.0
       D:13 |    6009 |    8127 |  57.5 |      29 |      12 |  29.3
       D:14 |   12713 |       0 |   0.0 |      28 |       0 |   0.0
       D:15 |    5270 |    1015 |  16.1 |      22 |       1 |   4.3
     Lair:1 |    5519 |     548 |   9.0 |      25 |       2 |   7.4
     Lair:2 |    3520 |    2379 |  40.3 |      16 |       7 |  30.4
     Lair:3 |    8811 |     458 |   4.9 |      17 |       1 |   5.6
     Lair:4 |    6139 |     855 |  12.2 |      20 |       1 |   4.8
     Lair:5 |    3982 |    2412 |  37.7 |      15 |       5 |  25.0
     Lair:6 |    4987 |    8398 |  62.7 |      17 |      25 |  59.5
      Sewer |       0 |     126 | 100.0 |       0 |       9 | 100.0
            +---------+---------+-------+---------+---------+-------
